 Dungeon Crawl Stone Soup version 0.22.1-1-ga44c0e5 (webtiles) character file.

73 dvd the Firebug (level 4, -9/27 HPs)
             Began as an Octopode Fire Elementalist on Nov 1, 2018.
             Killed by nerve-wracking pain
             ... invoked by an orc priest
              (13 damage)
             ... on level 6 of the Dungeon.
             The game lasted 00:03:43 (2030 turns).

dvd the Firebug (Octopode Fire Elementalist)        Turns: 2030, Time: 00:03:44

Health: -9/27      AC:  1    Str:  7    XL:     4   Next: 27%
Magic:  7/7        EV: 14    Int: 18    God:
Gold:   156        SH:  0    Dex: 12    Spells: 4/7 levels left

rFire    + . .     SeeInvis .   f - +0 short sword
rCold    x . .     Gourm    .   (no shield)
rNeg     . . .     Faith    .   (helmet restricted)
rPois    .         Spirit   .   (no amulet)
rElec    .         Reflect  .   e - ring of fire
rCorr    .         Harm     .   (no ring)
MR       .....                  (no ring)
Stlth    ++........             (no ring)
HPRegen  0.09/turn              (no ring)
MPRegen  0.10/turn              (no ring)
                                (no ring)
                                (no ring)

@: confused
A: almost no armour, stealthy swim, amphibious, 8 rings, constrict 8, camouflage
1, gelatinous body 1
a: no special abilities


You were on level 6 of the Dungeon.
You were not hungry.

You visited 1 branch of the dungeon, and saw 4 of its levels.

You collected 156 gold pieces.

Inventory:

Hand Weapons
 f - a +0 short sword (weapon)
Missiles
 k - 3 javelins (quivered)
Jewellery
 e - a ring of fire (left tentacle)
Scrolls
 c - a scroll of magic mapping {unknown}
 d - a scroll of identify
 g - a scroll of fear {unknown}
 j - a scroll of enchant weapon {unknown}
 l - a scroll of remove curse {unknown}
 m - a scroll of noise
Potions
 a - a potion of degeneration {unknown}
Comestibles
 b - 6 rations
 o - 2 chunks of flesh


   Skills:
 + Level 3.0 Dodging
 + Level 3.1 Stealth
 + Level 2.3 Spellcasting
 + Level 2.0 Conjurations
 + Level 3.4 Fire Magic


You had 4 spell levels left.
You knew the following spells:

 Your Spells              Type           Power        Failure   Level  Hunger
a - Flame Tongue          Conj/Fire      ###..        5%          1    #......
b - Throw Flame           Conj/Fire      ###...       9%          2    ##.....

Your spell library contained the following spells:

 Spells                   Type           Power        Failure   Level  Hunger
 Conjure Flame            Conj/Fire      ###.....     17%         3    ###....
 Inner Flame              Hex/Fire       ##......     26%         3    ###....
 Sticky Flame             Conj/Fire      ###.....     50%         4    #####..
 Fireball                 Conj/Fire      ###.......   83%         5    ######.


Dungeon Overview and Level Annotations

Branches:
Dungeon (3/15)

Altars:


Innate Abilities, Weirdness & Mutations

You cannot wear most types of armour.
You are very stealthy in the water. (Stealth+)
You are amphibious.
You can wear up to eight rings at the same time.
You can use your tentacles to constrict eight enemies at once.
Your skin changes colour to match your surroundings (Stealth+).
Your rubbery body absorbs attacks. (AC +1, EV +1)


Message History

It is a scroll of identify.
m - a scroll of noise The orc wizard casts a spell at you.
The magic dart hits you!
* * * LOW HITPOINT WARNING * * *
The orc completely misses you. The crimson imp misses you.
The jackal skeleton closely misses you. The orc misses you.
Unknown command.
It was a potion of ambrosia.
You are confused.
You feel invigorated. The orc priest closely misses you.
The orc wizard closely misses you. The jackal skeleton bites you.
* * * LOW HITPOINT WARNING * * *
The orc barely misses you. The crimson imp closely misses you.
The jackal skeleton bites you but does no damage.
The orc barely misses you. The orc wizard hits you with a dagger.
* * * LOW HITPOINT WARNING * * *
The orc priest invokes the aid of Beogh against you.
Pain shoots through your body!
You die...

../# ...#
...### .....
...#
######...#
##....a...#
##....Zoo..#
#....oo@..##
#.....5o.(#
#.........#
#.........#
#.........#
##....o.>##
#.........
#.........


You could see a worker ant, 2 orc priests, an orc wizard, a crimson imp, 3 orcs
and a jackal skeleton.

Vanquished Creatures
  An iguana (D:3)
  2 adders (D:2)
  A dart slug (D:1)
  2 leopard geckos
  A ball python (D:2)
  3 goblins
  A hobgoblin (D:1)
  4 kobolds
  2 quokkas (D:2)
  4 bats
  2 frilled lizards (D:2)
  4 rats
27 creatures vanquished.

Vanquished Creatures (others)
  An adder (D:6)
1 creature vanquished.

Grand Total: 28 creatures vanquished

Notes
Turn   | Place    | Note
-------+----------+-------------------------------------------
     0 | D:1      | dvd the Octopode Fire Elementalist began the quest for the
                  | Orb.
     0 | D:1      | Reached XP level 1. HP: 11/11 MP: 3/3
   339 | D:1      | Reached XP level 2. HP: 17/17 MP: 3/5
   348 | D:1      | Learned a level 2 spell: Throw Flame
  1096 | D:2      | Reached XP level 3. HP: 21/21 MP: 2/6
  1879 | D:3      | Reached XP level 4. HP: 16/27 MP: 0/7
  2020 | D:3      | You fall through a shaft for 3 floors!
  2026 | D:6      | HP: 1/27 [jackal skeleton (2)]
  2030 | D:6      | Killed from afar by an orc priest

Skill      XL: |  1  2  3 |
---------------+----------+-----
Stealth        | 3 |  3.1
Dodging        | 3 |  3.0
Conjurations   | 2 |  2.0
Spellcasting   | |  2.3
Fire Magic     | |  3.4

Action                   |  1- 3 |  4- 6 || total
-------------------------+-------+-------++-------
Melee: Short sword       |    10 |       ||    10
       Constrict         |     3 |       ||     3
       Tentacles         |     3 |       ||     3
 Cast: Flame Tongue      |    47 |     1 ||    48
       Throw Flame       |     4 |       ||     4
  Use: Potion            |       |     3 ||     3
       Scroll            |       |     1 ||     1
 Stab: Sleeping          |     2 |       ||     2
  Eat: Chunk             |     4 |       ||     4
Armor: Skin              |     2 |     2 ||     4
Dodge: Dodged            |    16 |    18 ||    34
